 Dungeon Crawl Stone Soup version 0.24-a0-549-g45f0056d81 (webtiles) character file.

Game seed: 217484186296865802

129320 Flugkiller the Martial Artist (level 16, -5/129 HPs)
             Began as a Demonspawn Transmuter on Aug 19, 2019.
             Was a High Priest of Makhleb.
             Slain by a shambling mangrove (16 damage)
             ... on level 4 of the Swamp.
             The game lasted 01:28:03 (32038 turns).

Flugkiller the Martial Artist (DsTm)               Turns: 32038, Time: 01:28:04

Health: -5/129     AC:  7    Str: 12    XL:     16   Next: 50%
Magic:  0/25       EV: 18    Int: 18    God:    Makhleb [*****.]
Gold:   351        SH:  0    Dex: 16    Spells: 6/23 levels left

rFire    + . .     SeeInvis .     - Unarmed
rCold    + . .     Gourm    .   (no shield)
rNeg     . . .     Faith    .   S - +2 robe {rC+}
rPois    .         Spirit   +   M - +1 hat {MR+}
rElec    .         Reflect  .   p - +0 cloak
rCorr    .         Harm     .   (gloves unavailable)
MR       ++...                  P - +0 pair of boots
Stlth    +.........             C - amulet of regeneration
HPRegen  0.71/turn              V - ring of wizardry
MPRegen  0.38/turn              y - ring of protection from fire

@: about to teleport, grasped by roots, very slightly contaminated, constricted,
very slow
A: claws 3, hooves 2, horns 2, demonic guardian 2, magic shield, magic
regeneration
a: Minor Destruction, Lesser Servant of Makhleb, Major Destruction, Greater
Servant of Makhleb, Renounce Religion


You were on level 4 of the Swamp.
You worshipped Makhleb.
Makhleb was extremely pleased with you.
You were not hungry.

You visited 5 branches of the dungeon, and saw 28 of its levels.

You collected 2501 gold pieces.
You spent 2150 gold pieces at shops.

Inventory:

Hand Weapons
 E - the +7 morningstar of Courage {elec, *Slow rN++ MP+9 Dex+3}
   (You found it on level 9 of the Dungeon)

   Occasionally, upon striking a foe, it will discharge some electrical energy
   and cause terrible harm.
   It affects your dexterity (+3).
   It greatly protects you from negative energy.
   It affects your magic capacity (+9).
   It may slow you when you take damage.
Missiles
 a - 700 arrows
 z - 102 poisoned darts (quivered)
Armour
 g - the +6 scale mail of Crawling {MR- Regen+ rCorr}
   (You found it on level 2 of the Swamp)

   It affects your resistance to hostile enchantments.
   It increases your rate of regeneration.
   It provides partial protection from all sources of acid and corrosion.
 p - a +0 cloak (worn)
   (You found it on level 5 of the Dungeon)
 F - a +1 robe of fire resistance
   (You took it off an orc wizard on level 9 of the Dungeon)
 M - a +1 hat of magic resistance (worn)
   (You took it off Gastronok on level 1 of the Lair of Beasts)
 P - a +0 pair of boots (worn)
   (You found it on level 6 of the Lair of Beasts)
 S - a +2 robe of cold resistance (worn)
   (You took it off Fannar on level 3 of the Lair of Beasts)
 U - +0 swamp dragon scales
   (You found it on level 3 of the Swamp)
Jewellery
 m - an uncursed ring of fire
   (You found it on level 2 of the Dungeon)
 y - a ring of protection from fire (right claw)
   (You found it on level 6 of the Dungeon)
 C - an amulet of regeneration (around neck)
   (You found it on level 8 of the Dungeon)
 T - an uncursed ring of ice
   (You took it off Fannar on level 3 of the Lair of Beasts)
 V - a ring of wizardry (left claw)
   (You found it on level 12 of the Dungeon)
Wands
 b - a wand of iceblast (11)
   (You found it on level 9 of the Dungeon)
 k - a wand of digging (4)
   (You found it on level 2 of the Swamp)
 v - a wand of disintegration (19)
   (You found it on level 3 of the Swamp)
 A - a wand of clouds (9)
   (You found it on level 7 of the Dungeon)
 J - a wand of enslavement (15)
   (You found it on level 2 of the Lair of Beasts)
 Q - a wand of acid (14)
   (You found it on level 5 of the Lair of Beasts)
 X - a wand of paralysis (1)
   (You bought it in a shop on level 2 of the Orcish Mines)
 Y - a wand of scattershot (1)
   (You bought it in a shop on level 2 of the Orcish Mines)
Scrolls
 e - 5 scrolls of enchant armour
 f - a scroll of holy word
 h - 10 scrolls of remove curse
 u - 3 scrolls of magic mapping
 x - 6 scrolls of teleportation
 B - 4 scrolls of fog
 G - 3 scrolls of fear
 H - a scroll of immolation
 I - a scroll of vulnerability
 N - 2 scrolls of identify
 O - 4 scrolls of amnesia
Potions
 c - 3 potions of might
 j - a potion of brilliance
 l - 6 potions of curing
 n - 5 potions of heal wounds
 o - a potion of lignification
 q - 2 potions of magic
 r - 2 potions of berserk rage
 w - 2 potions of haste
 D - 4 potions of cancellation
 K - a potion of invisibility
 L - 4 potions of agility
Miscellaneous
 t - a lamp of fire
   (You found it on level 14 of the Dungeon)
 R - a box of beasts
Comestibles
 d - 27 rations


   Skills:
 - Level 12.7 Fighting
 - Level 11.6 Dodging
 - Level 13.9 Unarmed Combat
 - Level 4.0 Spellcasting
 + Level 12.7 Transmutations
 + Level 6.9 Earth Magic
 - Level 12.6 Invocations
 - Level 5.0 Evocations


You had 6 spell levels left.
You knew the following spells:

 Your Spells              Type           Power        Failure   Level  Hunger
a - Beastly Appendage     Tmut           #####.       1%          1    None
b - Sticks to Snakes      Tmut           #####...     1%          2    ##.....
c - Spider Form           Tmut/Pois      ####......   1%          3    ###....
d - Statue Form           Tmut/Erth      #####....    16%         6    #######
e - Blade Hands           Tmut           #####.....   1%          5    ######.

Your spell library contained the following spells:

 Spells                   Type           Power        Failure   Level  Hunger
 Sandblast                Erth           ####..       1%          1    None
 Passwall                 Tmut/Erth      #####...     1%          2    ##.....
 Petrify                  Tmut/Erth      #####...     1%          4    ####...
 Stone Arrow              Conj/Erth      ###...       4%          3    ###....
 Ice Form                 Ice/Tmut       ####....     4%          4    ####...
 Flame Tongue             Conj/Fire      #....        6%          1    None
 Freeze                   Ice            #...         6%          1    None
 Infusion                 Chrm           #...         6%          1    None
 Magic Dart               Conj           #...         6%          1    None
 Shock                    Conj/Air       #...         6%          1    None
 Sting                    Conj/Pois      #...         6%          1    None
 Summon Small Mammal      Summ           #...         6%          1    None
 Blink                    Tloc           N/A          9%          2    ##.....
 Call Imp                 Summ           #.......     9%          2    ##.....
 Ensorcelled Hibernation  Hex/Ice        #.....       9%          2    ##.....
 Poisonous Vapours        Pois/Air       #.....       9%          2    ##.....
 Shroud of Golubria       Chrm/Tloc      #.....       9%          2    ##.....
 Slow                     Hex            #.......     9%          2    ##.....
 Song of Slaying          Chrm           #.......     9%          2    ##.....
 Swiftness                Chrm/Air       #.......     9%          2    ##.....
 Throw Frost              Conj/Ice       #.....       9%          2    ##.....
 Lee's Rapid Deconstruct  Erth           ####......   10%         5    ######.
 Yara's Violent Unravell  Hex/Tmut       ####......   12%         5    ######.
 Leda's Liquefaction      Hex/Erth       ###.......   14%         4    ####...
 Call Canine Familiar     Summ           #.......     17%         3    ###....
 Conjure Flame            Conj/Fire      #.......     17%         3    ###....
 Mephitic Cloud           Conj/Pois/Air  #.......     17%         3    ###....
 Ozocubu's Armour         Chrm/Ice       #.......     17%         3    ###....
 Regeneration             Chrm/Necr      #.........   17%         3    ###....
 Spectral Weapon          Hex/Chrm       #.......     17%         3    ###....
 Static Discharge         Conj/Air       #.......     17%         3    ###....
 Summon Guardian Golem    Hex/Summ       #.......     17%         3    ###....
 Borgnjor's Vile Clutch   Necr/Erth      ###.......   36%         5    ######.
 Airstrike                Air            #.........   47%         4    ####...
 Cause Fear               Hex            #.........   47%         4    ####...
 Iskenderun's Mystic Bla  Conj           #.......     47%         4    ####...
 Summon Ice Beast         Ice/Summ       #.......     47%         4    ####...
 Summon Lightning Spire   Summ/Air       #.......     47%         4    ####...
 Throw Icicle             Conj/Ice       #.......     47%         4    ####...
 Bolt of Magma            Conj/Fire/Erth ##........   52%         5    ######.
 Fireball                 Conj/Fire      #.........   82%         5    ######.
 Iskenderun's Battlesphe  Conj/Chrm      #.......     82%         5    ######.
 Lightning Bolt           Conj/Air       #.........   82%         5    ######.
 Silence                  Hex/Air        #.........   82%         5    ######.
 Venom Bolt               Conj/Pois      #.........   82%         5    ######.
 Iron Shot                Conj/Erth      ###.......   89%         6    #######
 Darkness                 Hex            #.........   100%        6    #######
 Deflect Missiles         Chrm/Air       #.........   100%        6    #######
 Freezing Cloud           Conj/Ice/Air   #.........   100%        6    #######
 Shadow Creatures         Summ           N/A          100%        6    #######
 Orb of Destruction       Conj           #.........   100%        7    #######
 Ring of Flames           Chrm/Fire      #.........   100%        7    #######
 Spellforged Servitor     Conj/Summ      #.........   100%        7    #######
 Discord                  Hex            #.........   100%        8    #######
 Ignition                 Fire           #.........   100%        8    #######
 Shatter                  Erth           ####......   100%        9    #######
 Tornado                  Air            #.........   100%        9    #######


Dungeon Overview and Level Annotations

Branches:
Dungeon (15/15)            Temple (1/1) D:4            Lair (6/6) D:11
  Swamp (4/4) Lair:4        Snake (0/4) Lair:2        Slime (0/5) Lair:6
    Orc (2/2) D:11            Elf (0/3) Orc:2        Vaults (0/5) D:13
 Depths (0/5) D:15

Altars:
Ashenzari
Cheibriados
Dithmenos
Elyvilon
Fedhas
Gozag
Hepliaklqana
Kikubaaqudgha
Makhleb
Nemelex Xobeh
Okawaru
Qazlal
Ru
Sif Muna
Trog
Uskayaw
Vehumet
Wu Jian
Xom
Yredelemnul
Zin
The Shining One
Jiyva

Shops:
D:11 ([   D:12 *   Orc:2 %!}*

Annotations:
D:1 Terence
D:8 1 runed translucent door, loom's ghost, novice TrMo
Lair:6 1 runed translucent door
Swamp:3 2 transporters


Innate Abilities, Weirdness & Mutations

You have claws for hands.
You have hoof-like feet.
You have a pair of horns on your head.
A demonic guardian rushes to your aid.
When hurt, damage is shared between your health and your magic reserves.
You regenerate magic rapidly.


Message History

Unknown command.
Unknown command.
You feel much better.
Your Executioner gestures.
Your Executioner seems to speed up.
The Executioner completely misses you. The Executioner hits you. x2
* * * LOW HITPOINT WARNING * * *
As you read the scroll of teleportation, it crumbles to dust.
You feel strangely unstable.
Your Executioner hits the titanic slime creature but does no damage.
Your Executioner hits the titanic slime creature. x2
Your Executioner gestures at the titanic slime creature.
The titanic slime creature resists with significant effort.
The Executioner hits you!!
* * * LOW HITPOINT WARNING * * *
The Executioner misses you. x2
Your Executioner hits the titanic slime creature!!
Your Executioner hits the titanic slime creature. x2
The titanic slime creature hits your Executioner!!!!
Your Executioner dies!
The Executioner completely misses you. The Executioner hits you.
* * * LOW HITPOINT WARNING * * *
The Executioner hits you.
* * * LOW HITPOINT WARNING * * *
Unknown command.
You enter the shallow water.
Moving in this stuff is going to be slow.
Your hands revert to their normal proportions.
The Executioner barely misses you. The Executioner closely misses you.
The Executioner hits you.
* * * LOW HITPOINT WARNING * * *
Your soul eater hits the shambling mangrove!
The Executioner hits you but does no damage.
The Executioner hits you.
* * * LOW HITPOINT WARNING * * *
The Executioner completely misses you.
Roots burst forth from the earth!
The grasping roots grab you!
* * * LOW HITPOINT WARNING * * *
The grasping roots constrict you!
The roots' grasp on you weakens, but your attempt to escape fails.
Your soul eater disappears in a puff of smoke!
The Executioner closely misses you. The Executioner hits you.
* * * LOW HITPOINT WARNING * * *
The Executioner barely misses you. The Executioner hits you!
* * * LOW HITPOINT WARNING * * *
The Executioner hits you but does no damage.
The Executioner hits you.
* * * LOW HITPOINT WARNING * * *
The titanic slime creature misses you.
You die...

♣.f.§♣ ♣[.≈≈≈≈≈..♣ ♣♣♣.≈♣
♣.§≈≈≈..[♣♣ ♣♣♣..§♣♣ ♣♣♣♣♣♣
♣♣♣♣§.≈≈≈...≈♣ ♣..≈≈.♣♣♣♣.≈≈≈♣♣
♣≈♣♣♣..≈.≈..♣♣
♣.≈≈≈♣≈.≈♣≈≈≈≈.♣♣♣.≈≈≈.≈≈≈..♣♣
♣..≈≈.♣♣..≈≈≈≈≈.♣♣.≈≈≈≈≈≈≈≈.≈♣♣♣
♣..≈.≈♣..≈§§≈§≈≈≈≈.≈≈≈≈≈≈≈≈.....
♣≈≈♣.)≈♣.≈§≈≈§f31≈≈≈≈≈≈≈≈≈≈.♣♣..♣
.≈≈≈≈♣≈♣.≈≈≈..≈J@≈.≈≈≈≈≈≈≈♣♣♣♣♣♣♣
.≈≈♣♣♣♣♣.≈≈≈≈♣♣♣♣♣♣.§≈≈≈≈..♣♣♣♣..
.. ♣≈...♣♣ ♣♣≈≈≈≈.≈..÷..§§
♣♣♣♣♣≈≈♣≈≈♣♣♣ ♣♣≈≈..♣≈≈≈≈≈♣♣
♣.....♣♣≈§≈≈♣ ♣♣♣♣♣♣≈.≈≈..≈
♣≈≈..≈♣≈.≈≈≈♣ ♣♣♣♣.≈...♣
♣≈.♣♣♣♣....≈♣ ♣≈<.♣≈♣♣≈≈ ♣♣♣
♣♣≈♣♣♣♣ ♣♣≈.♣.≈.♣♣ ♣≈♣ ♣♣♣♣♣≈♣♣


You could see a shambling mangrove, an Executioner, a titanic slime creature and
a friendly smoke demon.

Vanquished Creatures
  Jorgrun (Swamp:3)
  Gastronok (Lair:1)
  3 thorn hunters
  Roxanne (Swamp:1)
  Aizul (Swamp:4)
  An ironheart preserver (D:13)
  Nessos (Lair:6)
  Azrael (D:14)
  The ghost of feelmyfire the Carver, a journeyman HaAr of Uskayaw (D:13)
  Snorg (Orc:2)
  Fannar (Lair:3)
  5 hydras
  4 shambling mangroves
  13 alligators
  An ogre mage (Orc:2)
  2 ghost crabs (Swamp:2)
  9 two-headed ogres
  2 death knights (D:15)
  3 death yaks (Lair:6)
  Urug (Lair:3)
  2 spriggans
  26 slime creatures
  An unseen horror (D:14)
  2 spriggan druids
  A wizard (D:15)
  3 swamp dragons
  A necromancer (D:15)
  Pikel (D:9)
  An orc sorcerer (Orc:1)
  5 orc knights
  An oklob plant (Lair:4)
  5 ugly things
  2 manticores (D:13)
  A cyclops (Orc:1)
  A centaur zombie (D:14)
  3 black mambas
  A salamander (shapeshifter) (D:13)
  A gargoyle (D:14)
  A torpor snail (Lair:5)
  5 komodo dragons
  23 spiny frogs
  A yaktaur (shapeshifter) (D:12)
  A freezing wraith (D:15)
  An efreet (D:14)
  A polar bear (Lair:4)
  A kobold demonologist (D:13)
  A queen bee (shapeshifter) (D:14)
  11 trolls
  9 tyrant leeches
  7 bog bodies
  6 hornets
  17 blink frogs
  13 hippogriffs
  7 dream sheep
  4 shadows
  A centaur simulacrum (D:15)
  4 wraiths
  2 wyverns
  42 yaks
  2 fire elementals (D:14)
  3 basilisks
  A basilisk (shapeshifter) (D:11)
  2 hungry ghosts
  A swamp worm simulacrum (Swamp:4)
  11 vampire mosquitoes
  Menkaure (D:7)
  11 swamp worms
  3 nagas (Lair:2)
  7 wargs
  An acid dragon (D:14)
  11 insubstantial wisps
  2 hell hounds (D:14)
  12 water moccasins
  8 porcupines
  A hornet zombie (D:15)
  3 ice beasts
  2 phantoms
  4 sky beasts
  12 swamp drakes
  17 orc warriors
  A black bear (D:7)
  3 eyes of draining
  A necrophage (D:8)
  17 centaurs
  7 wolves
  19 ogres
  9 crocodiles
  3 big kobolds
  26 bullfrogs
  2 gnoll sergeants
  2 wyvern zombies (D:14)
  A water moccasin skeleton (D:6)
  8 scorpions
  5 killer bees (D:10)
  A howler monkey (D:13)
  15 wights
  3 electric eels
  10 crimson imps
  2 bullfrog zombies
  3 jellies
  8 hounds
  7 orc priests
  5 centaur skeletons
  Jessica (D:3)
  3 iguanas
  17 orc wizards
  6 hell rats (Lair:6)
  19 worker ants
  2 hound skeletons
  2 worker ant zombies
  32 gnolls
  A howler monkey skeleton (D:7)
  16 adders
  3 shadow imps
  A white imp (D:5)
  2 oozes (D:3)
  An adder zombie (D:8)
  An adder skeleton (D:7)
  A worm (D:3)
  A dart slug (D:2)
  2 leopard geckos
  69 orcs
  8 bats
  7 giant cockroaches
  15 goblins
  17 hobgoblins
  17 jackals
  8 quokkas
  2 ball pythons
  2 frilled lizards (D:1)
  29 kobolds
  A quokka zombie (D:7)
  5 rats
833 creatures vanquished.

Vanquished Creatures (collateral kills)
  An orc warlord (Orc:2)
  Josephine (D:10)
  5 hydras
  2 death knights
  Erica (D:11)
  A ghost crab (Swamp:3)
  3 ogre magi (Orc:2)
  3 centaur warriors
  10 two-headed ogres
  An alligator (Swamp:1)
  2 swamp dragons
  2 wizards (D:15)
  2 cyclopes
  An orc sorcerer (D:15)
  An ugly thing (D:15)
  An oklob plant (Lair:4)
  A black mamba (Lair:5)
  2 centaur skeletons
  5 spiny frogs
  A freezing wraith (D:9)
  4 trolls
  A dream sheep (Lair:5)
  A bog body (Swamp:1)
  3 hornets
  6 slime creatures
  2 tyrant leeches
  3 blink frogs
  3 spriggans
  3 hippogriffs
  3 wraiths
  A wyvern (Lair:2)
  9 yaks
  4 vampire mosquitoes
  A basilisk (D:11)
  4 swamp worms
  An insubstantial wisp (Swamp:1)
  3 porcupines
  A naga (Lair:2)
  3 water moccasins
  A swamp drake (Swamp:2)
  2 orc warriors
  9 ogres (Orc:2)
  A slave (D:9)
  4 wolves (Lair:3)
  4 centaurs (D:11)
  3 crocodiles
  3 bullfrogs
  An orc priest (D:10)
  2 orc wizards
  A worker ant (D:6)
  6 adders (Lair:5)
  2 orcs
  A jackal (D:11)
  2 fungi (Lair:5)
  3 plants
147 creatures vanquished.

Vanquished Creatures (others)
  A skeletal warrior (D:9)
  A wolf spider zombie (D:15)
  3 blink frogs (Swamp:4)
  2 swamp worms
  A slave (D:9)
  A crimson imp (D:9)
  An orc priest (D:9)
  An orc (D:9)
  A bush (Lair:6)
  24 fungi
  51 plants
87 creatures vanquished.

Grand Total: 1067 creatures vanquished

Notes
Turn   | Place    | Note
-------+----------+-------------------------------------------
     0 | D:1      | Flugkiller the Demonspawn Transmuter began the quest for
                  | the Orb.
     0 | D:1      | Reached XP level 1. HP: 15/15 MP: 3/3
    52 | D:1      | Reached skill level 3 in Unarmed Combat
    77 | D:1      | Gained mutation: When hurt, damage is shared between your
                  | health and your magic reserves. [demonic ancestry]
    77 | D:1      | Reached XP level 2. HP: 12/21 MP: 3/5
   275 | D:1      | Learned a level 2 spell: Sticks to Snakes
   492 | D:1      | You fall into a shaft and drop 1 floor!
   835 | D:1      | Gained mutation: You have a pair of small horns on your
                  | head. [demonic ancestry]
   835 | D:1      | Reached XP level 3. HP: 26/26 MP: 6/6
  1579 | D:3      | Noticed Terence
  2106 | D:3      | Reached skill level 4 in Unarmed Combat
  2110 | D:3      | Gained mutation: You regenerate magic rapidly. [demonic
                  | ancestry]
  2110 | D:3      | Reached XP level 4. HP: 24/32 MP: 3/7
  2842 | D:3      | Gained mutation: You have sharp fingernails. [demonic
                  | ancestry]
  2842 | D:3      | Reached XP level 5. HP: 37/38 MP: 6/8
  2950 | D:3      | Found a bloodstained altar of Trog.
  3010 | D:3      | Noticed Jessica
  3019 | D:3      | Killed Jessica
  3291 | D:4      | Found a staircase to the Ecumenical Temple.
  3300 | Temple   | Entered the Ecumenical Temple
  3386 | Temple   | Became a worshipper of Makhleb the Destroyer
  3414 | D:4      | Found a hazy altar of Hepliaklqana.
  4288 | D:4      | Reached XP level 6. HP: 46/47 MP: 7/9
  5006 | D:4      | Found a glowing silver altar of Zin.
  5147 | D:4      | Reached skill level 5 in Unarmed Combat
  5299 | D:5      | Entered Level 5 of the Dungeon
  5367 | D:4      | Reached * piety under Makhleb
  5754 | D:4      | Learned a level 3 spell: Spider Form
  5769 | D:5      | Reached skill level 1 in Invocations
  5769 | D:5      | Gained mutation: You have very sharp fingernails. [demonic
                  | ancestry]
  5769 | D:5      | Reached XP level 7. HP: 51/52 MP: 10/10
  6566 | D:5      | Found a bloodstained altar of Trog.
  6567 | D:5      | Found an iron altar of Okawaru.
  6860 | D:6      | Reached XP level 8. HP: 38/61 MP: 6/11
  6974 | D:6      | Reached skill level 6 in Unarmed Combat
  7347 | D:6      | Reached ** piety under Makhleb
  7480 | D:6      | Reached skill level 5 in Fighting
  8154 | D:6      | Reached skill level 5 in Transmutations
  8279 | D:7      | Found a stormy altar of Qazlal.
  8520 | D:7      | Reached skill level 5 in Invocations
  8540 | D:7      | Noticed Menkaure
  8551 | D:7      | Killed Menkaure
  8551 | D:7      | Gained mutation: You have a pair of horns on your head.
                  | [demonic ancestry]
  8551 | D:7      | Reached XP level 9. HP: 59/68 MP: 9/12
  8561 | D:7      | Found an ornate altar of the Wu Jian Council.
  8656 | D:7      | Reached skill level 5 in Dodging
  9619 | D:8      | Found a shimmering altar of Xom.
  9619 | D:8      | Noticed loom's ghost (novice TrMo)
  9619 | D:8      | Noticed a +0 dagger of chaos
  9620 | D:8      | Found a runed translucent door.
  9635 | D:8      | Reached *** piety under Makhleb
 10391 | D:9      | Gained mutation: A weak demonic guardian rushes to your
                  | aid. [demonic ancestry]
 10391 | D:9      | Reached XP level 10. HP: 56/75 MP: 8/14
 10512 | D:9      | Got a brightly glowing morningstar
 10515 | D:9      | Identified the +7 morningstar of Courage {elec, *Slow rN++
                  | MP+9 Dex+3} (You found it on level 9 of the Dungeon)
 10594 | D:9      | Noticed Pikel
 10623 | D:9      | Killed Pikel
 10623 | D:9      | Reached skill level 7 in Unarmed Combat
 10671 | D:9      | Noticed a skeletal warrior
 10706 | D:9      | Killed a skeletal warrior
 10857 | D:9      | Noticed a death knight
 10935 | D:9      | Killed a death knight
 10935 | D:9      | Reached skill level 1 in Evocations
 11102 | D:9      | Learned a level 5 spell: Blade Hands
 11145 | D:9      | Found a shattered altar of Ashenzari.
 11245 | D:9      | Found a shimmering blue altar of Sif Muna.
 11319 | D:10     | Entered Level 10 of the Dungeon
 11497 | D:10     | Noticed Josephine
 11985 | D:10     | Noticed a centaur warrior
 12036 | D:10     | Killed a centaur warrior
 12245 | D:10     | Gained mutation: A demonic guardian rushes to your aid.
                  | [demonic ancestry]
 12245 | D:10     | Reached XP level 11. HP: 72/84 MP: 12/16
 12266 | D:10     | Reached skill level 8 in Unarmed Combat
 12451 | D:11     | Noticed a two-headed ogre
 12802 | D:10     | Killed Josephine
 13400 | D:11     | Reached **** piety under Makhleb
 13584 | D:11     | Noticed a two-headed ogre
 13595 | D:11     | Killed a two-headed ogre
 13595 | D:11     | Reached skill level 5 in Evocations
 13597 | D:11     | Noticed a brown ugly thing
 13602 | D:11     | Noticed Erica
 13606 | D:11     | Killed a green ugly thing
 13619 | D:11     | Killed Erica
 13652 | D:11     | Killed a two-headed ogre
 13652 | D:11     | Reached skill level 9 in Unarmed Combat
 13816 | D:11     | Found Uppoc's Weapon Shop.
 13817 | D:11     | Found a staircase to the Orcish Mines.
 13818 | D:11     | Found Garom's Armour Shop.
 13962 | D:11     | Found a staircase to the Lair.
 14052 | Lair:1   | Entered Level 1 of the Lair of Beasts
 14171 | Lair:1   | Reached ***** piety under Makhleb
 14356 | Lair:1   | Noticed Gastronok
 14384 | Lair:1   | Killed Gastronok
 14384 | Lair:1   | Reached XP level 12. HP: 95/95 MP: 12/17
 15017 | Lair:2   | Found a staircase to the Snake Pit.
 15369 | Lair:2   | Noticed a six-headed hydra
 15384 | Lair:2   | Killed a six-headed hydra
 16150 | Lair:3   | Reached skill level 10 in Unarmed Combat
 16167 | Lair:3   | Reached skill level 10 in Fighting
 16167 | Lair:3   | Noticed Urug
 16186 | Lair:3   | Killed Urug
 16236 | Lair:3   | Noticed Fannar
 16262 | Lair:3   | Killed Fannar
 17191 | Lair:4   | You fall into a shaft and drop 2 floors!
 17191 | Lair:6   | Entered Level 6 of the Lair of Beasts
 17191 | Lair:6   | Found a runed translucent door.
 17191 | Lair:6   | Found a viscous altar of Jiyva.
 17191 | Lair:6   | Found a staircase to the Slime Pits.
 17192 | Lair:6   | Noticed an azure jelly
 17192 | Lair:6   | Noticed an azure jelly
 17192 | Lair:6   | Noticed an azure jelly
 17192 | Lair:6   | Noticed an azure jelly
 17538 | Lair:5   | Reached skill level 10 in Invocations
 17619 | Lair:5   | Noticed a five-headed hydra
 17637 | Lair:5   | Killed a five-headed hydra
 17807 | Lair:5   | Gained mutation: You have large cloven feet. [demonic
                  | ancestry]
 17807 | Lair:5   | Reached XP level 13. HP: 98/103 MP: 17/20
 18335 | Lair:4   | Reached skill level 10 in Transmutations
 18791 | Lair:4   | Found a staircase to the Swamp.
 19268 | Lair:6   | Noticed Nessos
 19692 | Lair:6   | Killed Nessos
 20414 | Lair:6   | Reached skill level 11 in Unarmed Combat
 20545 | Lair:6   | Reached ****** piety under Makhleb
 20805 | Lair:6   | Reached skill level 12 in Unarmed Combat
 21016 | Lair:6   | Identified the Incunabulum of Attacks
 21633 | D:12     | Gained mutation: You have hoof-like feet. [demonic
                  | ancestry]
 21633 | D:12     | Reached XP level 14. HP: 110/110 MP: 19/22
 21942 | D:12     | Found Lyabb's General Store.
 22674 | D:13     | Found a large runed translucent door.
 22675 | D:13     | Found a large runed translucent door.
 22675 | D:13     | Noticed feelmyfire's ghost (journeyman HaAr)
 22904 | D:13     | Found a gate to the Vaults.
 22904 | D:13     | Noticed an ironheart preserver
 22918 | D:13     | Killed an ironheart preserver
 23109 | D:13     | Killed feelmyfire's ghost
 23436 | D:14     | Noticed Azrael
 23444 | D:14     | Killed Azrael
 23444 | D:14     | Reached skill level 10 in Dodging
 23994 | D:14     | Reached skill level 13 in Unarmed Combat
 24166 | D:15     | Entered Level 15 of the Dungeon
 24845 | D:15     | Found a staircase to the Depths.
 25329 | Orc:1    | Entered Level 1 of the Orcish Mines
 25340 | Orc:1    | Reached XP level 15. HP: 120/120 MP: 14/23
 25662 | Orc:2    | Entered Level 2 of the Orcish Mines
 25662 | Orc:2    | Found a staircase to the Elven Halls.
 25678 | Orc:2    | Noticed Snorg
 25690 | Orc:2    | Killed Snorg
 25969 | Orc:2    | Noticed an orc warlord
 26038 | Orc:2    | Killed an orc warlord
 26651 | Orc:2    | Found Vaumept's Distillery.
 26651 | Orc:2    | Found Lawir's Assorted Antiques.
 26652 | Orc:2    | Found Asas's Food Boutique.
 26652 | Orc:2    | Found Addayli's Gadget Emporium.
 26667 | Orc:2    | Bought 2 potions of heal wounds for 120 gold pieces
 26813 | Orc:2    | Bought a torn book for 615 gold pieces
 26813 | Orc:2    | Bought a paperback book for 615 gold pieces
 26813 | Orc:2    | Bought a jewelled glass wand for 164 gold pieces
 26814 | Orc:2    | Bought a potion of heal wounds for 60 gold pieces
 26816 | Orc:2    | Bought a wand of acid (8) for 288 gold pieces
 26816 | Orc:2    | Bought a wand of scattershot (4) for 288 gold pieces
 27031 | Swamp:1  | Entered Level 1 of the Swamp
 27059 | Swamp:1  | Noticed a thorn hunter
 27235 | Lair:4   | Killed a thorn hunter
 27814 | Swamp:1  | Noticed Roxanne
 27907 | Swamp:1  | Killed Roxanne
 27933 | Swamp:1  | Learned a level 6 spell: Statue Form
 28095 | Swamp:1  | Reached skill level 1 in Earth Magic
 28147 | Swamp:2  | Paralysed by a hornet for 3 turns
 28161 | Swamp:2  | Paralysed by a hornet for 2 turns
 29318 | Swamp:2  | Got a crude scale mail
 29369 | Swamp:1  | Identified the +6 scale mail of Crawling {MR- Regen+ rCorr}
                  | (You found it on level 2 of the Swamp)
 29394 | Swamp:2  | Gained mutation: You have claws for hands. [demonic
                  | ancestry]
 29394 | Swamp:2  | Reached XP level 16. HP: 117/129 MP: 19/25
 29646 | Swamp:3  | Found a transporter.
 29859 | Swamp:3  | Noticed Aizul
 30087 | Swamp:3  | Noticed Jorgrun
 30098 | Swamp:3  | Killed Jorgrun
 30114 | Swamp:3  | Reached skill level 5 in Earth Magic
 30287 | Swamp:3  | Found a transporter.
 30319 | Swamp:3  | Noticed a thorn hunter
 30328 | Swamp:3  | Killed a thorn hunter
 30584 | Swamp:4  | Entered Level 4 of the Swamp
 30584 | Swamp:4  | Noticed a thorn hunter
 30597 | Swamp:4  | Killed a thorn hunter
 31074 | Swamp:4  | Killed Aizul
 32034 | Swamp:4  | Noticed an Executioner
 32038 | Swamp:4  | Slain by a shambling mangrove

Levels and vault maps discovered:
D:1:      dpeg_arrival_tiny_a, layout_rooms
D:2:      layout_basic, nrook_campfire, minivault_27
D:3:      layout_rooms, first_ration, trog_hazing_becter, uniq_jessica,
          uniq_terence
D:4:      corexii_shantytown, layout_basic, lemuel_coloured_pillars_altar,
          old_standard_altar, minmay_temple_entry_overgrown
D:5:      layout_rooms, grunt_temple_overflow_bloody_war, minmay_fire_ice_demons
D:6:      layout_cave_pods, minivault_19
D:7:      layout_cave_pools, old_standard_altar, marbit_many_paths,
          uniq_menkaure
D:8:      layout_loops_ring, ebering_ghost_xom
D:9:      layout_roguey, lemuel_blue_sif_altar, evilmike_ruin_ashenzari,
          uniq_pikel
D:10:     layout_roguey, the_bakery, uniq_josephine
D:11:     layout_rooms, grunt_lair_entry_orc_guard_hut, orc_david_3,
          gauntlet_entry_generic, minmay_bent, uniq_erica
D:12:     layout_basic, serial_shops, nicolae_shop_waterfront,
          hangedman_decor_clover_reticule
D:13:     layout_loops_ring, skrybe_vaults_entry_preservation,
          ebering_ghost_disaster_area
D:14:     layout_roguey, nrook_mini_backslash, nooodl_orcs_dogs, uniq_azrael
D:15:     grunt_enter_depths_magical_seal, layout_basic,
          hangedman_decor_slide_cut
Temple:   jpeg_temple_clearing
Lair:1:   layout_regular_city, uniq_gastronok
Lair:2:   layout_cave_pods, minmay_snake_entry_guardpost_small
Lair:3:   layout_hall_layers, uniq_fannar, uniq_urug
Lair:4:   dpeg_oklob_gauntlet, layout_small_grid,
          nicolae_swamp_entry_splash_gauntlet
Lair:5:   minmay_lair_venomous_thicket, layout_gridlike
Lair:6:   minmay_lair_end_frog_pond, layout_loops_ring, slime_altar_2,
          uniq_nessos
Swamp:1:  layout_basic_swamp, evilmike_swamp_ruin_house_5, swamp_pool3,
          infiniplex_staircase_pool, uniq_roxanne
Swamp:2:  layout_basic_swamp, evilmike_swamp_ruin_house_4
Swamp:3:  gammafunk_its_a_trap, layout_falls_marsh,
          evilmike_swamp_ruin_rubble_1, uniq_jorgrun, uniq_aizul
Swamp:4:  swamp_icy, layout_basic_swamp, swamp_pool5
Orc:1:    layout_caves
Orc:2:    st_orc_ogre_mass, layout_diamond_mine, uniq_snorg

Skill      XL: |  1  2  3  4  5  6  7  8  9 10 11 12 13 14 15 16 |
---------------+-------------------------------------------------+-----
Unarmed Combat | 3 4 5 6 7 9 10 12 13 | 13.9
Transmutations | 2 3 5 8 9 11 12 | 12.7
Fighting       | 2 3 4 5 7 9 10 11 12 | 12.7
Dodging        | 2 3 4 5 6 8 9 10 11 | 11.6
Invocations    | 1 3 5 7 10 11 12 | 12.6
Spellcasting   | 3 4 |  4.0
Evocations     | 3 5 |  5.0
Earth Magic    | 3 6 |  6.9

Action                   |  1- 3 |  4- 6 |  7- 9 | 10-12 | 13-15 | 16-18 || total
-------------------------+-------+-------+-------+-------+-------+-------++-------
Melee: Unarmed           |   183 |   272 |   504 |   688 |  1419 |   220 ||  3286
       Punch             |     2 |     5 |    11 |     8 |    80 |    13 ||   119
       Headbutt          |    10 |    51 |    65 |    39 |   267 |    29 ||   461
       Kick              |     6 |    19 |    68 |       |   110 |       ||   203
       Morningstar       |       |       |       |    40 |       |       ||    40
Throw: Dart              |       |       |       |     1 |       |       ||     1
 Cast: Beastly Appendage |    21 |    16 |    43 |     1 |       |       ||    81
       Sticks to Snakes  |     5 |     9 |    10 |    11 |     6 |       ||    41
       Spider Form       |       |     1 |    15 |    63 |       |       ||    79
       Blade Hands       |       |       |       |     5 |    86 |    18 ||   109
Invok: Minor Destruction |       |       |    12 |    10 |    11 |       ||    33
       Lesser Servant of |       |       |       |    18 |    28 |     7 ||    53
       Major Destruction |       |       |       |       |     5 |       ||     5
       Greater Servant o |       |       |       |       |     6 |     2 ||     8
 Abil: End Transformatio |       |       |       |     1 |     2 |       ||     3
Evoke: Wand              |       |       |       |       |    13 |     2 ||    15
  Use: Scroll            |     1 |     2 |     4 |    12 |    12 |     5 ||    36
       Potion            |       |     1 |     3 |     2 |     8 |     3 ||    17
 Stab: Distracted        |       |     1 |       |    12 |    10 |       ||    23
       Sleeping          |       |     1 |       |    12 |     2 |       ||    15
  Eat: Chunk             |     3 |    11 |    17 |    32 |    54 |     6 ||   123
       Ration            |       |     1 |     3 |     1 |     4 |     3 ||    12
Armor: Robe              |    46 |    39 |    94 |    39 |   196 |     2 ||   416
       Skin              |       |    18 |     4 |    12 |    10 |       ||    44
       Scale mail        |       |       |       |       |     2 |    16 ||    18
       Swamp dragon scal |       |       |       |       |       |    39 ||    39
Dodge: Dodged            |   151 |   214 |   402 |   699 |  1193 |   167 ||  2826

Table legend:
 A = Non-vault XP
 B = Vault XP
 C = Vault XP percentage of total XP
 D = Non-vault monster count
 E = Vault monster count
 F = Vault count percentage of total count
                 A         B        C        D         E       F
            +---------+---------+-------+---------+---------+-------
      Total |  131159 |   53584 |  29.0 |     765 |     213 |  21.8
            +---------+---------+-------+---------+---------+-------
        D:1 |      37 |       0 |   0.0 |      23 |       0 |   0.0
        D:2 |      48 |       0 |   0.0 |      20 |       0 |   0.0
        D:3 |     171 |      48 |  21.9 |      25 |       7 |  21.9
        D:4 |     337 |      53 |  13.6 |      18 |      21 |  53.8
        D:5 |     538 |      63 |  10.5 |      19 |       3 |  13.6
        D:6 |    1129 |       0 |   0.0 |      32 |       0 |   0.0
        D:7 |     775 |     172 |  18.2 |      16 |       1 |   5.9
        D:8 |    1606 |       0 |   0.0 |      26 |       0 |   0.0
        D:9 |    2852 |     446 |  13.5 |      28 |       1 |   3.4
       D:10 |    3640 |    1713 |  32.0 |      37 |       9 |  19.6
       D:11 |    4244 |    2412 |  36.2 |      33 |      18 |  35.3
       D:12 |    3653 |       0 |   0.0 |      26 |       0 |   0.0
       D:13 |    5510 |    3962 |  41.8 |      34 |      10 |  22.7
       D:14 |   10758 |    4580 |  29.9 |      61 |      17 |  21.8
       D:15 |    7355 |    3228 |  30.5 |      19 |       9 |  32.1
     Lair:1 |    2146 |    1707 |  44.3 |      15 |       1 |   6.2
     Lair:2 |    2586 |     422 |  14.0 |      14 |       4 |  22.2
     Lair:3 |    1422 |    1347 |  48.6 |      10 |       2 |  16.7
     Lair:4 |    6508 |    1485 |  18.6 |      25 |       6 |  19.4
     Lair:5 |    8435 |    2347 |  21.8 |      39 |      18 |  31.6
     Lair:6 |    8494 |   10336 |  54.9 |      37 |      42 |  53.2
    Swamp:1 |    9610 |    1737 |  15.3 |      29 |       1 |   3.3
    Swamp:2 |   14440 |       0 |   0.0 |      46 |       0 |   0.0
    Swamp:3 |   19199 |    2130 |  10.0 |      41 |       1 |   2.4
    Swamp:4 |    7786 |    1730 |  18.2 |      16 |       5 |  23.8
      Orc:1 |    2012 |       0 |   0.0 |      13 |       0 |   0.0
      Orc:2 |    5868 |   13666 |  70.0 |      63 |      37 |  37.0
            +---------+---------+-------+---------+---------+-------
